 Dungeon Crawl Stone Soup version 0.23-a0-451-g1044d4cbad (webtiles) character file.

6246 Istish the Geomancer (level 10, 0/59 HPs)
             Began as a Gargoyle Earth Elementalist on Nov 23, 2018.
             Was an Elder of Vehumet.
             Killed from afar by an orc wizard (9 damage)
             ... with a puff of flame
             ... on level 9 of the Dungeon.
             The game lasted 00:24:44 (9914 turns).

Istish the Geomancer (Gargoyle Earth Elementalist)  Turns: 9914, Time: 00:24:44

Health: 0/59       AC: 16    Str: 14      XL:     10   Next: 93%
Magic:  2/20       EV: 28    Int: 18 (19) God:    Vehumet [****..]
Gold:   492        SH:  0    Dex:  9 (10) Spells: 13/22 levels left

rFire    . . .     SeeInvis .   w - +8 dire flail (holy)
rCold    + . .     Gourm    .   (shield currently unavailable)
rNeg     + + .     Faith    .   y - +2 robe {rC+}
rPois    ∞         Spirit   .   (no helmet)
rElec    +         Reflect  .   L - +2 cloak
rCorr    .         Harm     .   j - +0 pair of gloves
MR       .....                  (no boots)
Stlth    ++........             H - amulet of the acrobat
HPRegen  0.19/turn              C - ring of positive energy
MPRegen  0.17/turn              t - +2 ring of slaying

@: no status effects
A: deterioration 1, negative energy resistance 1, electricity resistance, strong
1, unbreathing, petrification resistance, rot immunity, AC +7
a: Renounce Religion


You were on level 9 of the Dungeon.
You worshipped Vehumet.
Vehumet was greatly pleased with you.
You were very hungry.

You visited 2 branches of the dungeon, and saw 10 of its levels.
You also visited: Ossuary.

You collected 492 gold pieces.

Inventory:

Hand Weapons
 w - a +8 dire flail of holy wrath (weapon)
 E - a +3 falchion
Missiles
 b - 240 stones (quivered)
 q - 4 poisoned javelins
 G - a throwing net
Armour
 j - a +0 pair of gloves (worn)
 y - a +2 robe of cold resistance (worn)
 L - a +2 cloak (worn)
Jewellery
 r - an uncursed ring of stealth
 t - a +2 ring of slaying (right hand)
 C - a ring of positive energy (left hand)
 H - an amulet of the acrobat (around neck)
 I - an uncursed ring of stealth
Wands
 c - a wand of polymorph (16)
 m - a wand of acid (5)
 u - a wand of paralysis (7)
 D - a wand of random effects (15)
 F - a wand of clouds (7)
Scrolls
 f - 6 scrolls of teleportation
 l - a scroll of identify
 o - 6 scrolls of remove curse
 x - 2 scrolls of blinking
 z - 2 scrolls of amnesia
Potions
 g - a potion of flight
 h - a potion of curing
 i - 3 potions of haste
 k - 3 potions of agility
 p - a potion of ambrosia
 s - 4 potions of lignification
 v - 2 potions of might
 A - 2 potions of magic
 B - a potion of resistance
 J - a potion of berserk rage
Comestibles
 a - 3 chunks of flesh
 d - 8 rations


   Skills:
 + Level 5.1 Fighting
 + Level 4.5 Maces & Flails
 + Level 5.1 Armour
 + Level 4.5 Dodging
 - Level 2.1 Stealth
 + Level 6.7 Spellcasting
 + Level 7.1 Conjurations
   Level 0.7 Transmutations
 + Level 9.2 Earth Magic
 + Level 4.1 Evocations


You had 13 spell levels left.
You knew the following spells:

 Your Spells              Type           Power        Failure   Level  Hunger
a - Sandblast             Erth           #####.       1%          1    None
b - Stone Arrow           Conj/Erth      #####.       1%          3    ##.....
c - Lee's Rapid Deconstr  Erth           #####.....   1%          5    #####..

Your spell library contained the following spells:

 Spells                   Type           Power        Failure   Level  Hunger
 Fulminant Prism          Conj/Hex       ###.......   7%          4    ####...
 Passwall                 Tmut/Erth      ###.....     2%          2    None
 Petrify                  Tmut/Erth      ###.....     14%         4    ####...


Dungeon Overview and Level Annotations

Branches:
Dungeon (9/15)             Temple (1/1) D:5
   Lair: D:8-11         Orc: D:9-12

Altars:
Ashenzari
Cheibriados
Dithmenos
Elyvilon
Fedhas
Gozag
Hepliaklqana
Kikubaaqudgha
Makhleb
Nemelex Xobeh
Okawaru
Qazlal
Ru
Sif Muna
Trog
Uskayaw
Vehumet
Wu Jian
Xom
Yredelemnul
Zin
The Shining One
Lugonu

Shops:
D:5 (


Innate Abilities, Weirdness & Mutations

You are resistant to torment.
Your stone body is resilient. (AC +7)
You are immune to poison.
You resist negative energy. (rN+)
You are resistant to electric shocks. (rElec)
You can survive without breathing.
You are immune to petrification.
You are immune to rotting.
Your body sometimes deteriorates upon taking damage.
Your muscles are strong. (Str +2)


Message History

Unknown command.
The orc wizard casts a spell.
The orc wizard seems to speed up.
The orc wizard looks satisfied for a moment.
You hear a shout!
Casting: Lee's Rapid Deconstruction (safe; 1% risk of failure)
Confirm with . or Enter, or press ? or * to list all spells.
Aiming: Lee's Rapid Deconstruction (safe; 1% risk of failure)
Press: ? - help, Dir - move target cursor A rock wall.
The wall shatters!
The blast of rock fragments hits the orc wizard.
The orc wizard is heavily wounded.
The blast of rock fragments hits the orc warrior.
You kill the orc warrior!
Vehumet accepts your kill.
You hear a shout!
The orc wizard casts a spell at you. The puff of flame hits you!
You die...

........##.## #. ........#... #.
........... #. .......... ##.
#.....). #.. #.....o# #..
#....†.# #..
#......######################..
#.......K.).o.@................
...........o....................
##..........##########..........
#.########## #.......... #.
#.......... # #.######### #.#
#.# #.#


You could see 2 orc wizards and a kobold.

Vanquished Creatures
  Harold (D:7)
  Maurice (D:8)
  2 hippogriffs
  A wyvern (D:9)
  Grum (D:8)
  A hungry ghost (D:7)
  A steam dragon (D:9)
  Edmund (D:4)
  Duvessa (D:7)
  A water moccasin (D:7)
  4 orc warriors
  A phantom (D:6)
  4 centaurs
  5 ogres
  2 wolves (D:8)
  2 big kobolds
  An elf zombie (Ossuary)
  4 bullfrogs
  3 scorpions
  Dowan (D:7)
  5 killer bees
  6 electric eels (D:6)
  5 crimson imps
  2 bullfrog zombies
  2 centaur zombies
  An orc priest (D:7)
  A jelly (D:7)
  Crazy Yiuf (D:7)
  A bullfrog skeleton (D:8)
  9 hounds
  4 orc wizards
  A centaur skeleton (D:5)
  Terence (D:3)
  Natasha (thrice) (D:3)
  2 iguanas (D:7)
  4 worker ants
  A hound zombie (D:6)
  4 mummies
  Robin (D:3)
  A howler monkey zombie (D:5)
  A worker ant zombie (D:2)
  11 adders
  4 river rats (D:5)
  2 shadow imps
  2 oozes
  6 adder zombies (Ossuary)
  An adder skeleton (D:5)
  6 worms
  A dart slug (D:3)
  4 leopard geckos
  36 orcs
  2 ball pythons
  5 giant cockroaches
  10 hobgoblins
  24 kobolds
  8 bats
  13 frilled lizards
  14 goblins
  4 goblin zombies (Ossuary)
  4 hobgoblin zombies
  A kobold zombie (Ossuary)
  3 orc zombies
  A quokka skeleton (D:4)
  3 quokka zombies
  3 rats
  A rat zombie (Ossuary)
263 creatures vanquished.

Vanquished Creatures (others)
  A kobold (D:9)
  A withered plant (D:8)
2 creatures vanquished.

Grand Total: 265 creatures vanquished

Notes
Turn   | Place    | Note
-------+----------+-------------------------------------------
     0 | D:1      | Istish the Gargoyle Earth Elementalist began the quest for
                  | the Orb.
     0 | D:1      | Reached XP level 1. HP: 10/10 MP: 3/3
   315 | D:1      | Reached XP level 2. HP: 14/15 MP: 3/5
   317 | D:1      | Reached skill level 4 in Earth Magic
   791 | D:1      | Reached XP level 3. HP: 19/19 MP: 6/6
   796 | D:1      | Learned a level 3 spell: Stone Arrow
   924 | D:2      | Reached skill level 1 in Conjurations
   962 | D:2      | Reached XP level 4. HP: 12/24 MP: 1/8
  1287 | D:2      | Found a hazy altar of Hepliaklqana.
  1332 | D:2      | Found an ornate altar of the Wu Jian Council.
  1428 | D:2      | Found a snail-covered altar of Cheibriados.
  1627 | D:3      | Noticed an ogre
  1630 | D:3      | Killed an ogre
  1630 | D:3      | Reached skill level 5 in Earth Magic
  1630 | D:3      | Reached XP level 5. HP: 28/28 MP: 6/10
  1676 | D:3      | Learned a level 5 spell: Lee's Rapid Deconstruction
  1677 | D:3      | Gained mutation: Scrolls take you a little longer to read.
                  | [potion of mutation]
  1677 | D:3      | Gained mutation: You are agile. (Dex +2) [potion of
                  | mutation]
  1677 | D:3      | Gained mutation: You are resistant to hostile enchantments.
                  | (MR+) [potion of mutation]
  1677 | D:3      | Gained mutation: You have a pair of small antennae on your
                  | head. [potion of mutation]
  1722 | D:3      | Noticed Natasha
  1729 | D:3      | Killed Natasha
  1802 | D:3      | Noticed Robin
  1854 | D:3      | Reached XP level 6. HP: 25/32 MP: 11/11
  1876 | D:3      | Killed Robin
  2376 | D:3      | Reached skill level 6 in Earth Magic
  2406 | D:3      | Found a radiant altar of Vehumet.
  2418 | D:3      | Became a worshipper of Vehumet
  2557 | D:3      | Noticed Natasha
  2561 | D:3      | Killed Natasha
  2620 | D:3      | Noticed Terence
  2625 | D:3      | Killed Terence
  2727 | D:3      | Noticed Natasha
  2731 | D:3      | Killed Natasha
  2738 | D:3      | Lost mutation: You have a pair of small antennae on your
                  | head. [potion of mutation]
  2738 | D:3      | Lost mutation: Scrolls take you a little longer to read.
                  | [potion of mutation]
  2738 | D:3      | Lost mutation: You are agile. (Dex +2) [potion of mutation]
  2738 | D:3      | Lost mutation: You are resistant to hostile enchantments.
                  | (MR+) [potion of mutation]
  2738 | D:3      | Gained mutation: Your body sometimes deteriorates upon
                  | taking damage. [potion of mutation]
  2738 | D:3      | Gained mutation: Your muscles are strong. (Str +2) [potion
                  | of mutation]
  2853 | D:4      | Reached XP level 7. HP: 29/36 MP: 13/13
  3202 | D:4      | Found a burning altar of Makhleb.
  3202 | D:4      | Found a glowing silver altar of Zin.
  3203 | D:4      | Noticed an angel
  3203 | D:4      | Noticed a green death
  3302 | D:4      | Noticed Edmund
  3313 | D:4      | Killed Edmund
  3450 | D:4      | Reached skill level 7 in Earth Magic
  3671 | D:5      | Entered Level 5 of the Dungeon
  4085 | D:5      | Reached * piety under Vehumet
  4085 | D:5      | Offered knowledge of Magic Dart by Vehumet.
  4085 | D:5      | Reached XP level 8. HP: 36/41 MP: 15/15
  4100 | D:5      | Found Fusiel's Antique Weapon Shoppe.
  4127 | D:5      | Reached skill level 5 in Spellcasting
  4152 | D:5      | Reached skill level 1 in Maces & Flails
  4152 | D:5      | Reached skill level 5 in Conjurations
  4160 | D:5      | Reached skill level 1 in Fighting
  4160 | D:5      | Reached skill level 1 in Armour
  4161 | D:5      | Found a sand-covered staircase.
  4173 | D:5      | Reached skill level 1 in Evocations
  4192 | Ossuary  | Entered an ossuary
  4545 | Ossuary  | Reached ** piety under Vehumet
  4799 | D:5      | Offered knowledge of Throw Frost by Vehumet.
  5139 | D:5      | Found a staircase to the Ecumenical Temple.
  5153 | Temple   | Entered the Ecumenical Temple
  5535 | D:6      | Identified the cursed +1 great sword of Matydgh {pain,
                  | *Contam rC+ Str-4 Dex+8}
  5846 | D:6      | Reached XP level 9. HP: 40/49 MP: 17/17
  6718 | D:7      | Noticed Harold
  6740 | D:7      | Killed Harold
  6740 | D:7      | Reached skill level 8 in Earth Magic
  7092 | D:7      | Offered knowledge of Static Discharge by Vehumet.
  7197 | D:7      | Noticed Dowan
  7214 | D:7      | Noticed Duvessa
  7238 | D:7      | Killed Dowan
  7238 | D:7      | Reached *** piety under Vehumet
  7320 | D:7      | Found a shimmering altar of Xom.
  7365 | D:7      | Killed Duvessa
  7365 | D:7      | Reached XP level 10. HP: 29/56 MP: 19/19
  7690 | D:7      | Found a runed door.
  7694 | D:7      | Noticed Crazy Yiuf
  7699 | D:7      | Killed Crazy Yiuf
  8233 | D:8      | Noticed Grum
  8239 | D:8      | Killed Grum
  8555 | D:8      | Offered knowledge of Olgreb's Toxic Radiance by Vehumet.
  8590 | D:8      | Noticed Maurice
  8605 | D:8      | Killed Maurice
  8627 | D:8      | Found a glowing golden altar of the Shining One.
  9138 | D:8      | Found a stormy altar of Qazlal.
  9139 | D:8      | Found a deep blue altar of Sif Muna.
  9139 | D:8      | Found a glowing golden altar of the Shining One.
  9145 | D:8      | Found a basalt altar of Yredelemnul.
  9145 | D:8      | Found a hide-covered altar of Uskayaw.
  9146 | D:8      | Found an opulent altar of Gozag.
  9292 | D:8      | Reached skill level 9 in Earth Magic
  9345 | D:8      | Found an ancient bone altar of Kikubaaqudgha.
  9347 | D:8      | Found a blossoming altar of Fedhas.
  9563 | D:8      | Found a bloodstained altar of Trog.
  9748 | D:9      | Reached **** piety under Vehumet
  9859 | D:9      | Reached skill level 5 in Armour
  9892 | D:9      | Reached skill level 5 in Fighting
  9897 | D:9      | Offered knowledge of Fulminant Prism by Vehumet.
  9914 | D:9      | Killed from afar by an orc wizard

Vault maps used:
D:1:      lightli_arrival_noodles
D:2:      lemuel_round_altar, cheibriados_altar_1,
          nicolae_overflow_hidden_temple, first_ration
D:3:      vehumet_crystals, uniq_robin, uniq_natasha, uniq_terence
D:4:      grunt_temple_overflow_order_and_chaos_2, uniq_edmund
D:5:      minmay_temple_entry_arrows, lightli_sewer_entry_pipes, serial_shops,
          nicolae_shop_crystal, enter_ossuary_3, minmay_mini_ossuary
D:6:      cheibrodos_two_vegetables, minivault_22, minivault_1
D:7:      xom_teletrap_fun, uniq_duvessa, uniq_crazy_yiuf_cottage, uniq_harold
D:8:      grunt_temple_overflow_growth_and_decay, marbit_many_paths,
          grunt_temple_overflow_open, basic_altar, serial_co_window_serial,
          co_window_paths_b, co_window_corner_a, co_window_paths_b,
          co_window_paths_a, co_window_corner_a, co_window_2corner,
          co_window_corner_ca, co_window_2corner, co_window_corner_b,
          glass_columns_b, glass_columns_c, glass_columns_a, glass_columns_a,
          glass_columns_c, kennysheep_generic_room_15, uniq_grum, uniq_maurice
D:9:      david_orc_4, serial_shops, shop, hangedman_little_slice_of_home
Temple:   corrupted_temple
Ossuary:  ossuary_minmay_chase

Skill      XL: |  1  2  3  4  5  6  7  8  9 10 |
---------------+-------------------------------+-----
Earth Magic    | 4 5 6 7 8 9 |  9.2
Conjurations   | 1 2 3 4 5 6 7 |  7.1
Spellcasting   | 3 4 5 6 |  6.7
Maces & Flails | 2 3 4 |  4.5
Dodging        | 2 3 4 |  4.5
Fighting       | 2 3 5 |  5.1
Armour         | 2 3 5 |  5.1
Evocations     | 2 3 4 |  4.1
Stealth        | |  2.1
Transmutations | |  0.7

Action                   |  1- 3 |  4- 6 |  7- 9 | 10-12 || total
-------------------------+-------+-------+-------+-------++-------
Melee: Short sword       |    99 |   175 |   314 |       ||   588
       Dire flail        |       |       |    44 |   147 ||   191
       Falchion          |       |       |    36 |       ||    36
 Cast: Sandblast         |    17 |    27 |    77 |    24 ||   145
       Stone Arrow       |       |     4 |     6 |     2 ||    12
       Lee's Rapid Decon |       |       |     5 |     4 ||     9
Evoke: Wand              |       |       |     3 |       ||     3
  Use: Scroll            |       |    13 |    10 |     4 ||    27
       Potion            |       |     2 |     5 |     1 ||     8
 Stab: Sleeping          |     2 |     1 |     7 |       ||    10
  Eat: Chunk             |       |     7 |    10 |    10 ||    27
       Ration            |       |       |     2 |       ||     2
Armor: Robe              |    35 |   109 |   203 |   113 ||   460
Dodge: Dodged            |   100 |   162 |   299 |   183 ||   744
       Rpst.: Falchion   |       |       |    13 |       ||    13

Table legend:
 A = Non-vault XP
 B = Vault XP
 C = Vault XP percentage of total XP
 D = Non-vault monster count
 E = Vault monster count
 F = Vault count percentage of total count
                 A         B        C        D         E       F
            +---------+---------+-------+---------+---------+-------
      Total |    5471 |    3452 |  38.7 |     188 |      75 |  28.5
            +---------+---------+-------+---------+---------+-------
        D:1 |      35 |       0 |   0.0 |      21 |       0 |   0.0
        D:2 |      81 |       0 |   0.0 |      26 |       0 |   0.0
        D:3 |     385 |     109 |  22.1 |      24 |      14 |  36.8
        D:4 |     315 |     171 |  35.2 |       7 |       1 |  12.5
        D:5 |     455 |     103 |  18.5 |      23 |      14 |  37.8
        D:6 |     700 |     384 |  35.4 |      14 |       9 |  39.1
        D:7 |    1337 |    1274 |  48.8 |      31 |       4 |  11.4
        D:8 |    1369 |     880 |  39.1 |      30 |       5 |  14.3
        D:9 |     794 |     332 |  29.5 |      12 |       7 |  36.8
    Ossuary |       0 |     199 | 100.0 |       0 |      21 | 100.0
            +---------+---------+-------+---------+---------+-------
